[ PARTIDA AOE2 · #507624496 ]
UnrankedBohemios vs Teutons
Equipo del jugador · VICT
Equipo rival · DERR
[ ANÁLISIS DE REPETICIÓN · EXTRAÍDO DE LA PARTIDA GRABADA ]
Feudal
9:33
Castillos
19:15
Imperial
38:47
| APM promedio | 53.5 |
| APM pico | 138 |
| eAPM promedio | 21.0 |
| Aldeanos / militares | 107 / 210 |
Foco
⚔️ 30.9% · 🌾 69.1%
Hand Cannoneer ×83 · Spearman ×72 · Archer ×23 · Trebuchet (Packed) ×17 · Battering Ram ×7 · Bombard Cannon ×6
Feudal
10:34
Castillos
22:57
Imperial
37:32
| APM promedio | 23.2 |
| APM pico | 79 |
| eAPM promedio | 18.8 |
| Aldeanos / militares | 192 / 59 |
Foco
⚔️ 25.0% · 🌾 75.0%
Knight ×39 · Bombard Cannon ×8 · Teutonic Knight ×7 · Mangonel ×4 · Trebuchet (Packed) ×1
Mapa de la partida
Recursos iniciales + cada clic de construcción. Líneas = muros · curvas = relieve. ◆ oro · ⬟ piedra · ● bayas · ✦ reliquia · ◌ hueco del cierre
Tu base· ✓ Cerrada en 19:15 · 2t muro · 5 puerta(s)
Base de chowdhuryphotos· ✓ Cerrada en 22:57 · 4t muro · 3 puerta(s)
Terreno inicial suavizado · ◌ = hueco del cierre detectado · pasá el cursor para detalles
Inputs por minuto
— Kraken - - chowdhuryphotos
Build order — Kraken
Primeras 150 de 363 acciones detectadas
| 0:01 | Encolar | Villager (Male) |
| 0:01 | Encolar | Villager (Male) |
| 0:02 | Construir | House |
| 0:03 | Construir | House |
| 0:05 | Encolar | Villager (Male) |
| 0:07 | Encolar | Villager (Male) |
| 0:08 | Encolar | Villager (Male) |
| 1:31 | Encolar | Villager (Male) |
| 1:52 | Construir | Lumber Camp |
| 2:00 | Encolar | Villager (Male) |
| 2:00 | Encolar | Villager (Male) |
| 2:19 | Encolar | Villager (Male) |
| 2:19 | Encolar | Villager (Male) |
| 2:47 | Encolar | Villager (Male) |
| 2:47 | Encolar | Villager (Male) |
| 2:59 | Encolar | Villager (Male) |
| 3:28 | Construir | House |
| 3:48 | Encolar | Villager (Male) |
| 3:48 | Encolar | Villager (Male) |
| 3:51 | Construir | Mill |
| 4:22 | Encolar | Villager (Male) |
| 5:11 | Investigar | Loom |
| 5:21 | Encolar | Villager (Male) |
| 5:45 | Encolar | Villager (Male) |
| 6:28 | Encolar | Villager (Male) |
| 6:53 | Encolar | Villager (Male) |
| 7:04 | Construir | House |
| 7:09 | Construir | Palisade Wall |
| 7:24 | Investigar | Feudal Age |
| 7:24 | Investigar | Feudal Age |
| 8:01 | Construir | Mining Camp |
| 8:12 | Encolar | Villager (Male) |
| 8:12 | Encolar | Villager (Male) |
| 8:37 | Construir | Farm |
| 8:38 | Construir | Farm |
| 8:45 | Construir | Farm |
| 8:47 | Encolar | Villager (Male) |
| 9:06 | Construir | Farm |
| 9:33 | Edad | Edad Feudal |
| 9:47 | Investigar | Double-Bit Axe |
| 10:00 | Encolar | Villager (Male) |
| 10:02 | Construir | Farm |
| 10:10 | Construir | House |
| 10:19 | Construir | House |
| 10:43 | Construir | Watch Tower |
| 10:53 | Encolar | Villager (Male) |
| 11:26 | Encolar | Villager (Male) |
| 11:32 | Construir | Farm |
| 11:59 | Construir | Mining Camp |
| 12:23 | Encolar | Villager (Male) |
| 12:23 | Encolar | Villager (Male) |
| 12:34 | Construir | Blacksmith |
| 13:04 | Construir | Barracks |
| 13:26 | Encolar | Villager (Male) |
| 13:33 | Construir | Farm |
| 13:33 | Construir | Farm |
| 13:34 | Construir | Farm |
| 13:52 | Encolar | Villager (Male) |
| 14:11 | Construir | Market |
| 14:16 | Encolar | Villager (Male) |
| 14:47 | Construir | Archery Range |
| 15:00 | Construir | Archery Range |
| 15:09 | Encolar | Villager (Male) |
| 15:27 | Encolar | Villager (Male) |
| 15:42 | Construir | House |
| 15:43 | Construir | House |
| 15:45 | Encolar | Archer |
| 15:45 | Encolar | Archer |
| 16:35 | Investigar | Castle Age |
| 16:35 | Investigar | Castle Age |
| 17:07 | Encolar | Villager (Male) |
| 17:23 | Construir | Mill |
| 17:24 | Construir | Farm |
| 17:24 | Construir | Farm |
| 17:25 | Construir | Farm |
| 17:25 | Construir | Farm |
| 17:30 | Construir | Farm |
| 17:32 | Construir | Farm |
| 17:35 | Construir | Farm |
| 17:42 | Encolar | Archer |
| 18:12 | Encolar | Archer |
| 18:28 | Construir | Lumber Camp |
| 18:59 | Investigar | Fletching |
| 19:05 | Construir | House |
| 19:07 | Construir | Palisade Wall |
| 19:15 | Edad | Edad de los Castillos |
| 19:16 | Encolar | Villager (Male) |
| 19:25 | Investigar | Crossbowman (upgrade) |
| 19:29 | Construir | Siege Workshop |
| 19:34 | Encolar | Archer |
| 19:46 | Construir | Farm |
| 20:20 | Encolar | Battering Ram |
| 20:59 | Encolar | Villager (Male) |
| 21:00 | Encolar | Villager (Male) |
| 21:02 | Construir | Farm |
| 21:20 | Encolar | Archer |
| 21:29 | Encolar | Villager (Male) |
| 21:57 | Construir | Lumber Camp |
| 22:04 | Encolar | Villager (Male) |
| 22:06 | Construir | House |
| 22:38 | Encolar | Villager (Male) |
| 22:47 | Encolar | Battering Ram |
| 22:49 | Encolar | Villager (Male) |
| 22:52 | Construir | Town Center |
| 23:04 | Encolar | Battering Ram |
| 23:06 | Encolar | Villager (Male) |
| 23:15 | Construir | Siege Workshop |
| 23:19 | Encolar | Archer |
| 23:22 | Investigar | Padded Archer Armor |
| 24:33 | Encolar | Villager (Male) |
| 24:33 | Encolar | Villager (Male) |
| 24:33 | Encolar | Villager (Male) |
| 24:35 | Encolar | Archer |
| 24:37 | Encolar | Villager (Male) |
| 24:45 | Encolar | Battering Ram |
| 24:45 | Encolar | Battering Ram |
| 24:56 | Encolar | Villager (Male) |
| 24:57 | Encolar | Villager (Male) |
| 25:05 | Construir | Farm |
| 25:19 | Encolar | Archer |
| 25:26 | Construir | House |
| 25:28 | Construir | House |
| 25:28 | Construir | House |
| 25:32 | Construir | Farm |
| 26:00 | Construir | House |
| 26:01 | Construir | House |
| 26:01 | Construir | House |
| 26:06 | Construir | Farm |
| 26:06 | Construir | Farm |
| 26:07 | Construir | Farm |
| 26:22 | Encolar | Villager (Male) |
| 26:22 | Encolar | Villager (Male) |
| 26:31 | Encolar | Archer |
| 26:31 | Encolar | Archer |
| 26:44 | Encolar | Villager (Male) |
| 27:05 | Encolar | Archer |
| 27:05 | Encolar | Archer |
| 28:01 | Encolar | Battering Ram |
| 28:01 | Encolar | Battering Ram |
| 28:09 | Encolar | Archer |
| 28:09 | Encolar | Archer |
| 28:10 | Encolar | Villager (Male) |
| 28:11 | Encolar | Villager (Male) |
| 28:11 | Encolar | Villager (Male) |
| 28:11 | Encolar | Villager (Male) |
| 28:30 | Encolar | Villager (Male) |
| 28:30 | Encolar | Villager (Male) |
| 28:43 | Encolar | Villager (Male) |
| 29:05 | Construir | University |
| 29:18 | Construir | Farm |
Build order — chowdhuryphotos
Primeras 150 de 480 acciones detectadas
| 0:00 | Encolar | Villager (Male) |
| 0:01 | Encolar | Villager (Male) |
| 0:01 | Encolar | Villager (Male) |
| 0:02 | Construir | House |
| 0:54 | Encolar | Villager (Male) |
| 1:34 | Encolar | Villager (Male) |
| 1:44 | Construir | House |
| 1:55 | Encolar | Villager (Male) |
| 1:55 | Encolar | Villager (Male) |
| 2:15 | Encolar | Villager (Male) |
| 2:28 | Construir | House |
| 2:35 | Construir | Lumber Camp |
| 2:47 | Encolar | Villager (Male) |
| 2:52 | Construir | House |
| 3:07 | Encolar | Villager (Male) |
| 3:36 | Encolar | Villager (Male) |
| 3:36 | Encolar | Villager (Male) |
| 4:02 | Construir | Palisade Wall |
| 4:14 | Encolar | Villager (Male) |
| 4:32 | Encolar | Villager (Male) |
| 4:51 | Encolar | Villager (Male) |
| 4:51 | Encolar | Villager (Male) |
| 5:49 | Encolar | Villager (Male) |
| 6:16 | Encolar | Villager (Male) |
| 6:25 | Encolar | Villager (Male) |
| 6:40 | Encolar | Villager (Male) |
| 6:41 | Investigar | Loom |
| 7:01 | Construir | Mill |
| 7:45 | Encolar | Villager (Male) |
| 7:50 | Encolar | Villager (Male) |
| 8:16 | Investigar | Feudal Age |
| 8:35 | Construir | Mining Camp |
| 9:05 | Construir | House |
| 9:18 | Encolar | Villager (Male) |
| 10:07 | Construir | House |
| 10:34 | Edad | Edad Feudal |
| 10:37 | Construir | Watch Tower |
| 10:39 | Encolar | Villager (Male) |
| 10:46 | Investigar | Double-Bit Axe |
| 10:55 | Encolar | Villager (Male) |
| 11:03 | Encolar | Villager (Male) |
| 11:33 | Construir | Blacksmith |
| 12:01 | Investigar | Horse Collar |
| 12:24 | Encolar | Villager (Male) |
| 12:24 | Encolar | Villager (Male) |
| 12:32 | Investigar | Fletching |
| 12:50 | Encolar | Villager (Male) |
| 13:12 | Construir | Farm |
| 13:13 | Construir | Farm |
| 13:30 | Encolar | Villager (Male) |
| 13:30 | Encolar | Villager (Male) |
| 13:52 | Construir | Farm |
| 14:01 | Construir | Farm |
| 14:01 | Construir | Farm |
| 14:02 | Construir | Farm |
| 14:04 | Construir | Farm |
| 14:06 | Construir | Farm |
| 14:07 | Construir | Farm |
| 14:09 | Encolar | Villager (Male) |
| 14:23 | Encolar | Villager (Male) |
| 14:50 | Construir | Watch Tower |
| 15:05 | Encolar | Villager (Male) |
| 15:29 | Construir | House |
| 15:31 | Encolar | Villager (Male) |
| 15:47 | Construir | Farm |
| 15:48 | Construir | Farm |
| 15:50 | Construir | Farm |
| 15:53 | Encolar | Villager (Male) |
| 16:03 | Construir | Watch Tower |
| 16:10 | Construir | Palisade Wall |
| 16:15 | Construir | Palisade Wall |
| 16:19 | Construir | Palisade Wall |
| 16:21 | Encolar | Villager (Male) |
| 16:38 | Construir | Mining Camp |
| 16:45 | Construir | Mining Camp |
| 16:50 | Investigar | Wheelbarrow |
| 16:58 | Construir | Farm |
| 17:17 | Encolar | Villager (Male) |
| 17:28 | Construir | Farm |
| 17:30 | Construir | Farm |
| 17:36 | Construir | Farm |
| 17:54 | Construir | Watch Tower |
| 17:57 | Encolar | Villager (Male) |
| 18:14 | Encolar | Villager (Male) |
| 18:49 | Construir | House |
| 19:15 | Construir | Market |
| 19:15 | Encolar | Villager (Male) |
| 19:35 | Encolar | Villager (Male) |
| 19:59 | Encolar | Villager (Male) |
| 20:17 | Investigar | Castle Age |
| 20:41 | Construir | Watch Tower |
| 21:03 | Encolar | Villager (Male) |
| 22:49 | Investigar | Stone Mining |
| 22:57 | Edad | Edad de los Castillos |
| 23:03 | Construir | University |
| 23:13 | Investigar | Gold Mining |
| 23:17 | Investigar | Bow Saw |
| 23:30 | Construir | Town Center |
| 23:37 | Encolar | Villager (Male) |
| 23:37 | Encolar | Villager (Male) |
| 24:05 | Investigar | Bodkin Arrow |
| 24:27 | Encolar | Villager (Male) |
| 24:27 | Encolar | Villager (Male) |
| 24:45 | Encolar | Villager (Male) |
| 24:45 | Encolar | Villager (Male) |
| 25:11 | Construir | Stone Wall |
| 25:15 | Construir | Stone Wall |
| 25:20 | Encolar | Villager (Male) |
| 25:20 | Encolar | Villager (Male) |
| 25:30 | Investigar | Guard Tower (upgrade) |
| 25:46 | Encolar | Villager (Male) |
| 25:47 | Encolar | Villager (Male) |
| 25:47 | Encolar | Villager (Male) |
| 25:47 | Encolar | Villager (Male) |
| 25:47 | Encolar | Villager (Male) |
| 25:48 | Encolar | Villager (Male) |
| 25:48 | Encolar | Villager (Male) |
| 25:48 | Encolar | Villager (Male) |
| 26:09 | Construir | House |
| 26:36 | Encolar | Villager (Male) |
| 26:36 | Encolar | Villager (Male) |
| 26:44 | Construir | Castle |
| 26:54 | Construir | House |
| 27:00 | Encolar | Villager (Male) |
| 27:11 | Construir | Stone Wall |
| 27:24 | Encolar | Villager (Male) |
| 27:24 | Encolar | Villager (Male) |
| 27:47 | Encolar | Villager (Male) |
| 27:47 | Encolar | Villager (Male) |
| 28:01 | Encolar | Villager (Male) |
| 28:01 | Encolar | Villager (Male) |
| 28:18 | Encolar | Villager (Male) |
| 28:18 | Encolar | Villager (Male) |
| 28:18 | Encolar | Villager (Male) |
| 28:33 | Encolar | Villager (Male) |
| 28:33 | Encolar | Villager (Male) |
| 28:44 | Construir | Farm |
| 28:47 | Construir | Farm |
| 29:00 | Construir | Town Center |
| 29:03 | Construir | Farm |
| 29:08 | Investigar | Heavy Plow |
| 29:13 | Investigar | Town Watch |
| 29:13 | Investigar | Hand Cart |
| 29:17 | Construir | House |
| 29:56 | Construir | Market |
| 30:04 | Construir | Siege Workshop |
| 30:09 | Encolar | Villager (Male) |
| 30:09 | Encolar | Villager (Male) |
| 30:09 | Encolar | Villager (Male) |
| 30:10 | Encolar | Villager (Male) |
Cronología de la partida
| 4:02 | chowdhuryphotos · wall_segment Palisade Wall x1 |
| 7:09 | Kraken · wall_segment Palisade Wall x1 |
| 9:33 | Kraken · age_up feudal |
| 10:34 | chowdhuryphotos · age_up feudal |
| 13:04 | Kraken · first_building Barracks |
| 14:47 | Kraken · first_building Archery Range |
| 16:10 | Kraken · first_market_sell 100 wood |
| 16:10 | chowdhuryphotos · wall_segment Palisade Wall x1 |
| 16:15 | chowdhuryphotos · wall_segment Palisade Wall x1 |
| 16:19 | chowdhuryphotos · wall_segment Palisade Wall x1 |
| 16:30 | Kraken · first_market_buy 100 food |
| 19:07 | Kraken · wall_segment Palisade Wall x1 |
| 19:15 | Kraken · age_up castle |
| 19:29 | Kraken · first_building Siege Workshop |
| 22:57 | chowdhuryphotos · age_up castle |
| 25:11 | chowdhuryphotos · wall_segment Stone Wall x1 |
| 25:15 | chowdhuryphotos · wall_segment Stone Wall x1 |
| 26:44 | chowdhuryphotos · first_building Castle |
| 27:11 | chowdhuryphotos · wall_segment Stone Wall x1 |
| 30:04 | chowdhuryphotos · first_building Siege Workshop |
| 31:07 | chowdhuryphotos · first_market_sell 100 wood |
| 31:08 | chowdhuryphotos · first_market_buy 100 stone |
| 32:10 | Kraken · wall_segment Palisade Wall x1 |
| 36:48 | Kraken · first_building Monastery |
| 37:32 | chowdhuryphotos · age_up imperial |
| 38:44 | chowdhuryphotos · first_building Barracks |
| 38:47 | Kraken · age_up imperial |
| 39:39 | chowdhuryphotos · first_building Stable |
| 39:43 | Kraken · first_building Castle |
| 56:57 | chowdhuryphotos · first_building Monastery |
| 58:16 | chowdhuryphotos · first_building Archery Range |
| 58:38 | chowdhuryphotos · resign |
[ ANÁLISIS IA · 1 CRÉDITO ]
¿Qué pasó realmente en esta partida?
Wolo.gg analiza cada decisión: build order, eco, micro, errores típicos por bracket. Análisis personalizado por WhatsApp o Discord en 30 segundos.
Guía civ
Bohemios
Perfil
Jugador #24892356